 Dungeon Crawl Stone Soup version 0.31-a0-216-g22e908daa7 (webtiles) character file.

Game seed: 12436682836918459980

87 qw the Shooter (level 4, -13/26 HPs)
             Began as a Gargoyle Hexslinger on July 1, 2023.
             Killed by divine providence
             ... invoked by an orc priest
              (17 damage)
             ... on level 3 of the Dungeon.
             The game lasted 00:00:40 (1741 turns).

qw the Shooter (Gargoyle Hexslinger)                Turns: 1741, Time: 00:00:41

Health: -13/26     AC:  8    Str: 11    XL:     4   Next: 51%
Magic:  5/5        EV: 10    Int: 14    God:
Gold:   63         SH:  0    Dex: 14    Spells: 4/5 levels left

rFire   . . .        Y - +1 sling
rCold   . . .        (no shield)
rNeg    + . .        e - +0 ring mail
rPois   inf          (no helmet)
rElec   +            (no cloak)
rCorr   .            (no gloves)
SInv    .            (no boots)
Will    .....        (no amulet)
Stlth   +            (no ring)
HPRegen 0.24/turn    (no ring)
MPRegen 0.09/turn

%: no passive effects
@: about to teleport
A: sickness immunity, AC +3, negative energy resistance 1, electricity
resistance, torment resistance 1, petrification resistance
a: no special abilities


You were on level 3 of the Dungeon.
You visited 1 branch of the dungeon, and saw 3 of its levels.

You collected 133 gold pieces.
You spent 70 gold pieces at shops.


Innate Abilities, Weirdness & Mutations

You are immune to sickness and miasma.
Your stone body is resilient. (AC +3)
You are immune to poison.
You resist negative energy. (rN+)
You are resistant to electric shocks. (rElec)
You are resistant to unholy torment.
You are immune to petrification.


   Skills:
 - Level 2.0 Fighting
 - Level 4.2 Ranged Weapons
 + Level 0.2 Armour
 - Level 1.5 Dodging
 - Level 1.0 Spellcasting
 - Level 2.6 Hexes


You had 4 spell levels left.
You knew the following spells:

 Your Spells              Type           Power      Damage    Failure   Level
a - Slow                  Hex            32%        N/A       22%         1

Your spell library contained the following spells:

 Spells                   Type           Power      Damage    Failure   Level
 Inner Flame              Hex/Fire       4%         N/A       73%         3
 Portal Projectile        Hex/Tloc       8%         N/A       73%         3
 Cause Fear               Hex            4%         N/A       91%         4

Inventory:

Hand Weapons
 Y - a +1 sling (weapon)
Armour
 e - a +0 ring mail (worn)
Potions
 a - a potion of heal wounds
 b - a potion of lignification {unknown}
 d - 2 potions of brilliance {unknown}
 g - a potion of mutation {unknown}
 i - a potion of enlightenment {unknown}

Dungeon Overview and Level Annotations

Branches:
Dungeon (3/15)

Altars:

Shops:
D:2 :   D:3 !


Message History

The orc priest looks encouraged for a moment.
The orc wizard hits you but does no damage.
The orc priest invokes the aid of Beogh against you.
Beogh smites you!
You shoot a sling bullet. The sling bullet hits the orc wizard.
The orc wizard is moderately wounded.
The orc priest begins to cast a cantrip, but forgets the words!
The orc wizard closely misses you.
You shoot a sling bullet. The sling bullet hits the orc wizard.
The orc wizard is heavily wounded.
The orc wizard completely misses you.
You shoot a sling bullet. The sling bullet hits the orc wizard.
The orc wizard is severely wounded.
The orc wizard hits you but does no damage.
The orc wizard barely misses you.
You shoot a sling bullet. The sling bullet hits the orc wizard.
You kill the orc wizard!
The adder bites you.
The orc priest looks braver for a moment.
Your Ranged Weapons skill increases to level 4!
You shoot a sling bullet.
The sling bullet barely misses the adder.
The sling bullet barely misses the orc.
The sling bullet hits the bat!
You kill the bat!
The adder bites you but does no damage. x2
You shoot a sling bullet. The sling bullet misses the adder.
The sling bullet hits the orc!
You kill the orc!
The orc priest calls down the wrath of Beogh upon you.
Beogh smites you!
Ouch! That really hurt!
The adder bites you but does no damage.
1741 ||| READING scroll of teleportation.
As you read the scroll of teleportation, it crumbles to dust.
You feel strangely unstable.
The adder bites you but does no damage. x2
The orc priest mumbles some strange prayers to Beogh against you.
Beogh smites you!
Ouch! That really hurt!
You die...

#.....# #.
#.##### #. #.#
##. #.# #..
#.# #.. #.#
#.# . #.# #.
~~..########.#
#.
.~..)oS@.....#
#.
...###########
#. #. #.# . #


You could see an orc priest and an adder.

Vanquished Creatures
  An orc wizard (D:3)
  A dart slug (D:3)
  3 orcs (D:3)
  A ball python (D:3)
  4 endoplasms
  3 giant cockroaches
  4 goblins
  6 hobgoblins
  8 jackals (D:2)
  3 quokkas
  9 bats
  3 frilled lizards
  3 kobolds
  2 rats (D:2)
51 creatures vanquished.

Notes
Turn   | Place    | Note
-------+----------+-------------------------------------------
     0 | D:1      | qw the Gargoyle Hexslinger began the quest for the Orb.
     0 | D:1      | Reached XP level 1. HP: 12/12 MP: 2/2
     0 | D:1      | 0 ||| qw: Version: 0.3-a-35-g05ef00e
     0 | D:1      | 0 ||| qw: Game counter: 7719
     0 | D:1      | 0 ||| qw: Melee chars always use a shield: true
     0 | D:1      | 0 ||| qw: God list: Okawaru
     0 | D:1      | 0 ||| qw: Allow faded altars: false
     0 | D:1      | 0 ||| qw: Do Orc after clearing Dungeon:15 true
     0 | D:1      | 0 ||| qw: Do second Lair branch before Depths: true
     0 | D:1      | 0 ||| qw: Lair rune preference: random
     0 | D:1      | 0 ||| qw: Goals: Normal
     0 | D:1      | 0 ||| PLANNING D:1-11
   197 | D:1      | Reached XP level 2. HP: 15/16 MP: 3/3
   430 | D:1      | Reached skill level 3 in Ranged Weapons
   605 | D:1      | Reached XP level 3. HP: 21/21 MP: 4/4
   646 | D:1      | 646 ||| UPGRADING to +0 ring mail.
   656 | D:1      | 656 ||| DROPPING +0 robe.
   657 | D:1      | 657 ||| READING scroll labelled KEUM PI OCU.
   661 | D:1      | 661 ||| READING scroll labelled BOSUAV HUISEA.
   662 | D:1      | 662 ||| READING scroll labelled ZOGEDGH IDEOPP.
   663 | D:1      | 663 ||| DROPPING scroll of poison.
  1112 | D:2      | Found Enozxot's Book Shop.
  1580 | D:2      | 1580 ||| READING scroll labelled ESIS HAGGI.
  1598 | D:3      | Found Dadessuz's Distillery.
  1604 | D:3      | 1604 ||| SHOPLISTING 3 potions of might (168 gold, have
                  | 103).
  1604 | D:3      | 1604 ||| SHOPLISTING potion of cancellation (112 gold, have
                  | 103).
  1604 | D:3      | 1604 ||| SHOPLISTING potion of haste (140 gold, have 103).
  1604 | D:3      | 1604 ||| BUYING potion of heal wounds (70 gold).
  1604 | D:3      | Bought a potion of heal wounds for 70 gold pieces
  1604 | D:3      | 1604 ||| SHOPLISTING potion of heal wounds (70 gold, have
                  | 33).
  1604 | D:3      | 1604 ||| SHOPLISTING potion of might (56 gold, have 33).
  1604 | D:3      | 1604 ||| SHOPLISTING potion of mutation (112 gold, have
                  | 33).
  1733 | D:3      | Reached XP level 4. HP: 25/26 MP: 5/5
  1739 | D:3      | Reached skill level 4 in Ranged Weapons
  1740 | D:3      | HP: 4/26 [orc priest/divine providence (15)]
  1741 | D:3      | 1741 ||| READING scroll of teleportation.
  1741 | D:3      | Killed from afar by an orc priest

Levels and vault maps discovered:
D:1:      dpeg_chamrin_arrival_tetris, layout_loops_ring
D:2:      layout_loops_corners, serial_shops, shop
D:3:      layout_loops_ring, mainiacjoe_overflow_small_starburst, serial_shops,
          nicolae_shop_mannequins, nicolae_shop_hallway_stairs,
          nicolae_square_shop, shop, nicolae_shop_industrial_runoff

Skill      XL: |  1  2  3  4 |
---------------+-------------+-----
Ranged Weapons | 3 4 |  4.2
Fighting       | 2 |  2.0
Armour         | |  0.2
Dodging        | |  1.5
Spellcasting   | |  1.0
Hexes          | |  2.6

Action                     |  1- 3 |  4- 6 || total
---------------------------+-------+-------++-------
   Fire: Sling             |   154 |     8 ||   162
    Use: Scroll            |     4 |     1 ||     5
 Armour: Robe              |    11 |       ||    11
         Ring mail         |    26 |     8 ||    34
  Dodge: Dodged            |    56 |     4 ||    60

Table legend:
 A = Non-vault XP
 B = Vault XP
 C = Vault XP percentage of total XP
 D = Non-vault monster count
 E = Vault monster count
 F = Vault count percentage of total count
                 A         B        C        D         E       F
            +---------+---------+-------+---------+---------+-------
      Total |     125 |       0 |   0.0 |      51 |       0 |   0.0
            +---------+---------+-------+---------+---------+-------
        D:1 |      35 |       0 |   0.0 |      21 |       0 |   0.0
        D:2 |      36 |       0 |   0.0 |      21 |       0 |   0.0
        D:3 |      54 |       0 |   0.0 |       9 |       0 |   0.0
            +---------+---------+-------+---------+---------+-------
